 Dungeon Crawl Stone Soup version 0.18.1-48-g4cf74bf (webtiles) character file.

336 Inchmeat the Stinger (level 6, -11/51 HPs)
             Began as a Naga Venom Mage on Sept 2, 2016.
             Mangled by a wraith (15 damage)
             ... in an ossuary.
             The game lasted 00:17:46 (4979 turns).

Inchmeat the Stinger (Naga Venom Mage)              Turns: 4979, Time: 00:17:47

Health: -11/51     AC:  3    Str: 10    XL:     6   Next: 54%
Magic:  7/9        EV:  9    Int: 17    God:
Gold:   103        SH:  3    Dex: 12    Spells: 3 memorised, 3 levels left

rFire  . . .     SeeInvis +     e - +0 dagger
rCold  . . .     Gourm    .     a - +0 robe
rNeg   . . .     Faith    .     q - +0 buckler
rPois  +         Spirit   .     (no helmet)
rElec  .         Dismiss  .     (no cloak)
rCorr  .         Reflect  .     (no gloves)
SustAt .         Harm     .     (no barding)
MR     .....                    t - amulet of magic regeneration
Stlth  +++.......               (no ring)
                                i - ring of see invisible

@: slowed, very slow, not resistant to hostile enchantments, fairly stealthy
A: see invisible, deformed body, poison resistance, slowness 2, slow metabolism
1, spit poison 2, AC +2
a: Spit Poison


You were in an ossuary.
You were very hungry.

You visited 1 branch of the dungeon, and saw 5 of its levels.
You also visited: Ossuary.

You collected 103 gold pieces.

Inventory:

Hand Weapons
 e - a +0 dagger (weapon)
Armour
 a - a +0 robe (worn)
 q - a +0 buckler (worn)
Jewellery
 d - an uncursed amulet of rage
 i - a ring of see invisible (left hand)
 t - an amulet of magic regeneration (around neck)
Scrolls
 h - a scroll of magic mapping {unknown}
Potions
 f - a potion of flight {unknown}
 g - 2 potions of might {unknown}
 j - a potion of heal wounds {unknown}
 k - a potion of magic {unknown}
 n - 2 potions of brilliance {unknown}
 o - 2 potions of cancellation
 p - a potion of curing
 s - a potion of resistance
 u - a potion of lignification
Books
 b - a Young Poisoner's Handbook

   Spells                             Type                      Level
   a - Sting                          Conjuration/Poison           1
   b - Cure Poison                    Poison                       2
   c - Mephitic Cloud                 Conjuration/Poison/Air       3
   d - Olgreb's Toxic Radiance        Poison                       4
   e - Venom Bolt                     Conjuration/Poison           5
 m - a book of Dreams

   Spells                             Type                      Level
   a - Ensorcelled Hibernation        Hexes/Ice                    2
   b - Silence                        Hexes/Air                    5
   c - Darkness                       Hexes                        6
   d - Shadow Creatures               Summoning                    6
Comestibles
 c - a bread ration
 l - 3 meat rations
 r - 2 slices of pizza


   Skills:
 - Level 1.4 Fighting
 - Level 1.6 Dodging
 * Level 5.0 Stealth
 - Level 0.1 Shields
 - Level 2.1 Spellcasting
 - Level 4.8 Conjurations
 - Level 6.0 Poison Magic


You had 3 spell levels left.
You knew the following spells:

 Your Spells              Type           Power        Failure   Level  Hunger
a - Sting                 Conj/Pois      ###.         4%          1    #......
b - Mephitic Cloud        Conj/Pois/Air  ##......     21%         3    ###....
c - Ensorcelled Hibernat  Hex/Ice        #.....       47%         2    ###....


Dungeon Overview and Level Annotations

Branches:
Dungeon (5/15)
 Temple: D:4-7

Altars:
Elyvilon
Zin
The Shining One


Innate Abilities, Weirdness & Mutations

You cannot wear boots.
Your serpentine skin is tough (AC +2).
You have supernaturally acute eyesight.
Armour fits poorly on your strangely shaped body.
Your system is resistant to poisons.
You cover ground very slowly.
You have a slow metabolism.
You can spit poison.


Message History

Confirm with . or Enter, or press ? or * to list all spells.
Okay, then.
The wraith hits you but does no damage.
Casting: Mephitic Cloud
Confirm with . or Enter, or press ? or * to list all spells.
You don't know that spell.
Casting: Mephitic Cloud
Confirm with . or Enter, or press ? or * to list all spells.
Aiming: Mephitic Cloud
Press: ? - help, Shift-Dir - straight line, f - wraith
Aim: a wraith (moderately damaged)
The ball explodes into a vile cloud!
The stinking cloud engulfs the wraith.
The wraith is moderately damaged.
The stinking cloud engulfs you! The wraith barely misses you.
Something unseen opens the door.
The wraith hits you!
* * * LOW HITPOINT WARNING * * *
The wraith drains your vigour!
You feel as though you will be slow longer.
The wraith hits you!
You die...

#.#..#!#...'.#..# #
#'#..#'#..####..#
#.#..#.#..#.#........#
......................#
......###.......####..#
..8...#§#...8....'.#..#
..... #§#.......####..# #
......#W#.............###
........@.............##.
.####.....####..####..'..
+...8...M #...'.#..'..
##.....####..####..'..
...................##.
....#.#.............###
.....#+#.......####^.# #
.8... #...8....'.#..#
###.......####..#


You could see a wraith and a mummy.

Vanquished Creatures
  3 orc priests
  An orc wizard (D:5)
  Jessica (D:2)
  A worker ant (D:4)
  A hound skeleton (D:4)
  5 adders
  2 oozes (D:3)
  3 worms
  2 dart slugs
  2 giant geckos
  8 orcs
  4 giant cockroaches
  10 goblins
  7 hobgoblins
  2 jackals (D:1)
  2 quokkas
  7 bats
  3 giant newts
  A gnoll zombie (Ossuary)
  2 goblin zombies (Ossuary)
  3 hobgoblin zombies (Ossuary)
  8 kobolds
  A kobold zombie (Ossuary)
  11 rats
90 creatures vanquished.

Vanquished Creatures (others)
  A goblin zombie (Ossuary)
  3 kobold zombies (Ossuary)
  An orc zombie (Ossuary)
5 creatures vanquished.

Grand Total: 95 creatures vanquished

Notes
Turn   | Place    | Note
--------------------------------------------------------------
     0 | D:1      | Inchmeat the Naga Venom Mage began the quest for the Orb.
     0 | D:1      | Reached XP level 1. HP: 15/15 MP: 3/3
   312 | D:1      | Reached XP level 2. HP: 22/22 MP: 3/5
   537 | D:1      | Reached skill level 6 in Poison Magic
   990 | D:1      | Reached XP level 3. HP: 30/30 MP: 3/6
  1240 | D:2      | Reached skill level 1 in Conjurations
  1278 | D:2      | Learned a level 3 spell: Mephitic Cloud
  1470 | D:2      | Found a glowing silver altar of Zin.
  1787 | D:2      | Noticed Jessica
  1792 | D:2      | Killed Jessica
  1792 | D:2      | Reached skill level 1 in Fighting
  1792 | D:2      | Reached XP level 4. HP: 38/38 MP: 5/7
  2315 | D:2      | Found a white marble altar of Elyvilon.
  2687 | D:3      | Learned a level 2 spell: Ensorcelled Hibernation
  2728 | D:2      | Reached XP level 5. HP: 35/44 MP: 1/8
  3082 | D:3      | Found a glowing golden altar of the Shining One.
  4334 | D:4      | Reached XP level 6. HP: 51/51 MP: 6/9
  4571 | D:5      | Entered Level 5 of the Dungeon
  4576 | D:5      | Reached skill level 5 in Stealth
  4620 | D:5      | Found a sand-covered staircase.
  4624 | Ossuary  | Entered an ossuary
  4624 | Ossuary  | Noticed a wraith
  4624 | Ossuary  | Noticed a wraith
  4624 | Ossuary  | Noticed a wraith
  4968 | Ossuary  | Noticed a wraith
  4979 | Ossuary  | Mangled by a wraith

Skill      XL: |  1  2  3  4  5  6 |
---------------+-------------------+-----
Poison Magic   | 6 |  6.0
Conjurations   | 2 3 4 |  4.8
Fighting       | 1 |  1.4
Stealth        | 4 5 |  5.0
Dodging        | |  1.6
Shields        | |  0.1
Spellcasting   | |  2.1

Action                   |  1- 3 |  4- 6 || total
-------------------------+-------+-------++-------
Melee: Dagger            |    14 |   156 ||   170
 Cast: Sting             |    61 |    97 ||   158
       Mephitic Cloud    |       |     5 ||     5
       Ensorcelled Hiber |       |     2 ||     2
  Use: Scroll            |       |     8 ||     8
 Stab: Sleeping          |     1 |     4 ||     5
  Eat: Chunk             |     2 |    10 ||    12
Armor: Robe              |     6 |    32 ||    38
Dodge: Dodged            |    28 |    88 ||   116
Block: Buckler           |       |     7 ||     7
